[Event "ICC tourney 2022 (75 10)"]
[Site "Internet Chess Club"]
[Date "2020.09.27"]
[Round "4"]
[White "Theutltl"]
[Black "clair"]
[Result "1/2-1/2"]
[ICCResult "Game drawn by mutual agreement"]
[WhiteElo "1010"]
[BlackElo "1700"]
[Opening "Robatsch defense: two knights variation"]
[ECO "B06"]
[NIC "KF.05"]
[Time "13:02:32"]
[TimeControl "4500+10"]

1. e4 g6 2. d4 Bg7 3. Nf3 d6 4. Nc3 e6 5. Bc4 Ne7 6. O-O O-O 7. Ne2 Nd7 8.
Ng3 a6 9. Bb3 b6 10. c4 Bb7 11. Re1 h6 12. Bd2 c5 13. Qc1 Kh7 14. d5 exd5
15. exd5 b5 16. Bf4 Nc8 17. Qd2 bxc4 18. Bxc4 Ncb6 19. Bb3 Nf6 20. Ne4 Nxe4
21. Rxe4 Qd7 22. Rae1 Nc8 23. Ba4 Qf5 24. Bb3 a5 25. Bc4 Qf6 26. b3 a4 27.
b4 cxb4 28. Qxb4 Qb2 29. Qxb2 Bxb2 30. Rb1 a3 31. Ne1 g5 32. Bg3 Nb6 33. Bb3
Bxd5 34. Bxd5 Nxd5 35. Bxd6 Nc3 36. Bxf8 Nxe4 37. Bb4 Rc8 38. Nd3 Rc4 39.
Be1 Rc2 40. g3 Bg7 41. Nb4 Rc8 42. Rb3 Rc1 43. Nd3 Nc5 44. Rxa3 Nxd3 45.
Rxd3 Rxe1+ 46. Kg2 Ra1 47. Ra3 Kg6 48. Ra6+ Bf6 49. a4 Kg7 50. Ra8 Ra2 51.
a5 Bd4 52. a6 Bxf2 53. Kf3 Bg1 54. h4 gxh4 55. gxh4 Ra4 56. h5 Ra5 57. Kg4
Rg5+ 58. Kh4 Bf2+ 59. Kh3 Rxh5+ 60. Kg2 Bc5 61. a7 Bxa7 62. Rxa7 Rg5+ 63.
Kh3 Rh5+ 64. Kg4 Rg5+ 65. Kh4 Kg6 66. Ra6+ f6 67. Rb6 h5 68. Rb8 Rg4+ 69.
Kh3 f5 70. Rg8+ Kf7 71. Rh8 Kg6 72. Rg8+ Kh7 73. Rf8 f4 74. Rf5 Kg6 75. Rf8
Rg3+ 76. Kh4 Rg4+ 77. Kh3 Kg7 78. Rf5 Kh6 79. Rf6+ Kg5 80. Rf8 Rh4+ 81. Kg2
Kg6 82. Kf3 Rh3+ 83. Kxf4 Kg7 84. Ra8 Rh4+ 85. Kg5 Rh1 86. Ra7+ Kf8 87. Rh7
Rg1+ 88. Kxh5 Kg8 89. Ra7 Rh1+ 90. Kg4 {Game drawn by mutual agreement}
1/2-1/2

[Event "ICC tourney 2022 (75 10)"]
[Site "Internet Chess Club"]
[Date "2020.09.27"]
[Round "4"]
[White "slolla"]
[Black "Ben1927829"]
[Result "1/2-1/2"]
[ICCResult "Game drawn by mutual agreement"]
[WhiteElo "1822"]
[BlackElo "1872"]
[Opening "King's Indian: Sämisch, 5...O-O"]
[ECO "E81"]
[NIC "KI.49"]
[Time "13:02:21"]
[TimeControl "4500+10"]

1. d4 Nf6 2. c4 g6 3. Nc3 Bg7 4. e4 d6 5. f3 O-O 6. Bg5 c5 7. d5 e6 8. Qd2
Qa5 9. Nge2 exd5 10. cxd5 b5 11. Ng3 Ba6 12. Be2 b4 13. Nd1 c4 14. O-O Nbd7
15. a3 c3 16. axb4 Qb6+ 17. Qe3 Bxe2 18. Nxe2 cxb2 19. Nxb2 Nxd5 20. Qxb6
N5xb6 21. Ra2 Rac8 22. Nd3 Rc7 23. Be7 Rfc8 24. Bxd6 Rc2 25. Rxc2 Rxc2 26.
Nec1 Nc4 27. Bf4 Bd4+ 28. Kh1 Ndb6 29. Nb3 Bc3 30. Rc1 Rxc1+ 31. Nbxc1 Na4
32. Nb3 Na3 33. Be3 Nb6 34. Bd4 Nb5 35. Bxc3 Nxc3 36. Nd4 Kf8 37. Nc6 Nc8
38. Kg1 f6 39. Kf2 Ke8 40. Ke3 Kd7 41. Nd4 Kd6 42. f4
{Game drawn by mutual agreement}
1/2-1/2

[Event "ICC tourney 2022 (75 10)"]
[Site "Internet Chess Club"]
[Date "2020.09.27"]
[Round "4"]
[White "StevChess01"]
[Black "DLWarrior"]
[Result "0-1"]
[ICCResult "White resigns"]
[WhiteElo "1883"]
[BlackElo "1901"]
[Opening "QGD: exchange, positional line, 6.Qc2"]
[ECO "D36"]
[NIC "SL.06"]
[Time "13:02:39"]
[TimeControl "4500+10"]

1. d4 d5 2. c4 e6 3. Nc3 c6 4. cxd5 exd5 5. Qc2 Nf6 6. Bg5 h6 7. Bh4 Be7 8.
e3 Bg4 9. Bd3 Nbd7 10. h3 Be6 11. Bg3 O-O 12. Nf3 b5 13. O-O Rc8 14. Rac1 a6
15. Qb1 c5 16. dxc5 Nxc5 17. Bc2 Qb6 18. Nd4 b4 19. Na4 Nxa4 20. Bxa4 Ne4
21. Qd3 Nxg3 22. fxg3 Rxc1 23. Rxc1 Rc8 24. Rxc8+ Bxc8 25. Bc2 g6 26. Qd2 a5
27. Qf2 Kg7 28. Qd2 h5 29. h4 Qc7 30. Qf2 Ba6 31. Ba4 Bd6 32. Kh2 Qe7 33.
Kg1 Qe4 34. Bc2 Qg4 35. Qf3 Qxf3 36. Nxf3 Bxg3 37. Ba4 Bc4 38. a3 bxa3 39.
bxa3 Bd6 40. Nd2 Bd3 41. Bb3 Bxa3 42. Bxd5 Bc1 43. Nc4 a4 44. Kf2 a3 45. Na5
Bb1 46. Nb3 Bb2 47. Nd2 a2 {White resigns} 0-1

[Event "ICC tourney 2022 (75 10)"]
[Site "Internet Chess Club"]
[Date "2020.09.27"]
[Round "4"]
[White "orwind"]
[Black "sujashankar"]
[Result "0-1"]
[ICCResult "White resigns"]
[WhiteElo "1298"]
[BlackElo "1751"]
[Opening "Sicilian: dragon variation"]
[ECO "B70"]
[NIC "SI.15"]
[Time "13:02:26"]
[TimeControl "4500+10"]

1. e4 c5 2. Nf3 d6 3. d4 cxd4 4. Nxd4 Nf6 5. Nc3 g6 6. Bb5+ Bd7 7. Bxd7+
Qxd7 8. O-O Bg7 9. Be3 O-O 10. h3 Nc6 11. Qe2 Nxe4 12. Nxc6 Qxc6 13. Nxe4
Qxe4 14. c3 e6 15. Qd2 Qc6 16. Rad1 d5 17. Rfe1 a6 18. Bf4 Rac8 19. Bh6 Qb6
20. Bxg7 Kxg7 21. Re3 Kg8 22. Rg3 Rc4 23. b3 Re4 24. Kh1 Qb5 25. Re1 Rxe1+
26. Qxe1 Qa5 27. Qd2 Rc8 28. h4 Qd8 29. Qf4 h5 30. Kg1 Kg7 31. Rf3 Qe7 32.
Qd4+ Kg8 33. Rg3 Rd8 34. Re3 Qc7 35. Qf6 Rd7 36. Qd4 Qa5 37. Re2 Rc7 38. c4
dxc4 39. bxc4 Qc5 40. Qd8+ Kg7 41. Re4 Qb6 42. Rd4 Qa5 43. Kh2 Qe5+ 44. f4
Qc5 45. a4 Rc6 46. Qd7 Qb4 47. g3 Rxc4 48. Rxc4 Qxc4 49. Qxb7 Qxa4 50. Qb2+
Kh7 51. Qb7 Kg7 52. Qb2+ Kf8 53. Qf6 Qc2+ 54. Kg1 Qc5+ 55. Kh2 a5 56. Qb2
Qb4 57. Qf6 a4 58. Qd8+ Kg7 59. Kh3 a3 60. f5 exf5 61. Qd1 Qb2 62. Qd5 a2
{White resigns}
0-1

[Event "ICC tourney 2022 (75 10)"]
[Site "Internet Chess Club"]
[Date "2020.09.27"]
[Round "4"]
[White "saisneha"]
[Black "IAlwaysWin"]
[Result "0-1"]
[ICCResult "White resigns"]
[WhiteElo "1853"]
[BlackElo "1986"]
[Opening "QGD: Charousek (Petrosian) variation"]
[ECO "D31"]
[NIC "QP.08"]
[Time "13:02:28"]
[TimeControl "4500+10"]

1. d4 d5 2. c4 e6 3. Nc3 Be7 4. cxd5 exd5 5. Nf3 Nf6 6. Bg5 h6 7. Bh4 O-O 8.
Qc2 c6 9. e3 Ne4 10. Bxe7 Qxe7 11. Bd3 Re8 12. O-O Nd7 13. a3 a5 14. Rab1
Ndf6 15. b4 axb4 16. axb4 Nxc3 17. Qxc3 Ne4 18. Bxe4 dxe4 19. Ne5 Bf5 20.
Qc5 Qg5 21. Kh1 Red8 22. Ra1 Be6 23. Rxa8 Rxa8 24. Qd6 Qf5 25. Qc7 Qxf2 26.
Rg1 Ra2 27. Qxb7 Re2 28. Qa8+ Kh7 29. Qa1 Bh3 30. Qf1 Qxf1 31. Rxf1 Bxg2+
32. Kg1 Bxf1 33. Kxf1 Rc2 34. Nxf7 Rxh2 35. Ne5 Rc2 36. Ke1 h5 37. Kd1 Rb2
38. Nxc6 h4 39. Ne5 Rg2 40. Ke1 h3 41. Kf1 Rg5 {White resigns} 0-1

[Event "ICC tourney 2022 (75 10)"]
[Site "Internet Chess Club"]
[Date "2020.09.27"]
[Round "4"]
[White "FL2009"]
[Black "rachael1120"]
[Result "1-0"]
[ICCResult "Black checkmated"]
[WhiteElo "1804"]
[BlackElo "1623"]
[Opening "Sicilian: Nimzovich-Rossolimo attack (with ...g6, without ...d6)"]
[ECO "B31"]
[NIC "SI.31"]
[Time "13:02:42"]
[TimeControl "4500+10"]

1. e4 c5 2. Nf3 Nc6 3. Bb5 g6 4. O-O Bg7 5. Re1 a6 6. Bf1 d6 7. c3 Qb6 8. b3
Nf6 9. Bb2 O-O 10. d4 cxd4 11. cxd4 Bg4 12. Nbd2 Nd7 13. h3 Bxf3 14. Nxf3
Rac8 15. Qd2 Rfd8 16. Red1 Rb8 17. Rac1 Rbc8 18. Rc4 Qa7 19. Rc2 Qb8 20. Ba1
Qa7 21. Rdc1 Qb8 22. Bxa6 Nxd4 23. Nxd4 Bxd4 24. Qxd4 e5 25. Qb4 Rxc2 26.
Rxc2 bxa6 27. Qxb8 Rxb8 28. f3 Rb6 29. Rc7 Nc5 30. Bxe5 dxe5 31. Rxc5 Re6
32. Kf2 Kf8 33. Ke2 Ke7 34. Rc7+ Kf6 35. Kd3 h5 36. h4 Rd6+ 37. Kc3 Ke6 38.
b4 f5 39. exf5+ Kxf5 40. Rf7+ Ke6 41. Rf8 Ke7 42. Rc8 Ke6 43. a4 Kf5 44.
Rf8+ Ke6 45. g3 Rc6+ 46. Kb3 Rd6 47. b5 axb5 48. axb5 Kd5 49. Kb4 Kd4 50.
Ka5 Kd5 51. b6 Kc6 52. Ka6 Rd3 53. Rf6+ Kd7 54. b7 Ra3+ 55. Kb5 Rb3+ 56. Kc4
Rxb7 57. Rf7+ Kc6 58. Rxb7 Kxb7 59. Kd5 Kc7 60. Kxe5 Kd7 61. Kf6 Kd6 62.
Kxg6 Ke6 63. Kxh5 Kf5 64. g4+ Kf6 65. f4 Kg7 66. g5 Kh7 67. f5 Kg7 68. Kg4
Kf7 69. Kf4 Kg7 70. h5 Kf7 71. Ke5 Kg7 72. Ke6 Kf8 73. h6 Kg8 74. Ke7 Kh8
75. f6 Kg8 76. f7+ Kh7 77. f8=R Kg6 78. Rb8 Kh7 79. Kd6 Kg6 80. Rb7 Kh5 81.
h7 Kxg5 82. h8=R Kg4 83. Rf8 Kg5 84. Rb1 Kg6 85. Rf2 Kg7 86. Rg1+ Kh8 87.
Rh2# {Black checkmated} 1-0

[Event "ICC tourney 2022 (75 10)"]
[Site "Internet Chess Club"]
[Date "2020.09.27"]
[Round "4"]
[White "Natey"]
[Black "andrewf2009"]
[Result "1-0"]
[ICCResult "Black resigns"]
[WhiteElo "1678"]
[BlackElo "1759"]
[Opening "French: Rubinstein variation"]
[ECO "C03"]
[NIC "FR.07"]
[Time "13:02:29"]
[TimeControl "4500+10"]

1. e4 e6 2. d4 d5 3. Nd2 dxe4 4. Nxe4 Nd7 5. Bd3 Ngf6 6. Nf3 c5 7. c3 cxd4
8. cxd4 Be7 9. O-O O-O 10. Bd2 b6 11. Re1 Bb7 12. Bc3 Nd5 13. Qc2 h6 14. Ng3
N7f6 15. Ne4 Rc8 16. Nxf6+ Bxf6 17. Qd2 Qd6 18. Be4 a5 19. Bxd5 Bxd5 20. Qd3
Rfd8 21. Ne5 Bb7 22. Qg3 Qd5 23. Ng4 Bh4 24. Qh3 Bg5 25. Ne3 Qc6 26. Qg3 Qc7
27. Qxc7 Rxc7 28. Rad1 Rcd7 29. Nc4 Ba6 30. Nxb6 Rd6 31. Na4 Bb5 32. Nc5 Bc6
33. Bxa5 Ra8 34. Bc7 Rd5 35. a3 Bf6 36. Be5 Bxe5 37. Rxe5 Rad8 38. Rxd5 Rxd5
39. Na6 e5 40. Nb4 Rxd4 41. Rxd4 exd4 42. Nxc6 d3 43. Kf1 d2 44. Ke2
{Black resigns}
1-0

[Event "ICC tourney 2022 (75 10)"]
[Site "Internet Chess Club"]
[Date "2020.09.27"]
[Round "4"]
[White "ryanwang"]
[Black "Otelo"]
[Result "1/2-1/2"]
[ICCResult "Game drawn because neither player has mating material"]
[WhiteElo "1880"]
[BlackElo "2042"]
[Opening "Sicilian defense"]
[ECO "B44"]
[NIC "SI.39"]
[Time "13:02:34"]
[TimeControl "4500+10"]

1. e4 c5 2. Nf3 e6 3. d4 cxd4 4. Nxd4 Nc6 5. g3 Qa5+ 6. c3 Nf6 7. Bg2 Nxd4
8. Qxd4 Bc5 9. Qd1 Qb6 10. O-O h5 11. b4 Bd6 12. Be3 Qc7 13. f4 Ng4 14. Bd4
e5 15. fxe5 Bxe5 16. Qf3 Qc4 17. Bxe5 Nxe5 18. Qe3 h4 19. Nd2 Qe6 20. Nf3
hxg3 21. h3 Nxf3+ 22. Rxf3 d6 23. Rxg3 a5 24. bxa5 Rxa5 25. Rxg7 Qe5 26. Qg3
Be6 27. Qxe5 dxe5 28. Rb1 b5 29. Bf1 Ke7 30. Rb2 Rxa2 31. Rxa2 Bxa2 32. Kf2
Rh4 33. Rg4 Rh6 34. Bxb5 Rxh3 35. Rg3 Rh2+ 36. Rg2 Rh1 37. Bd3 Be6 38. Rg1
Rxg1 39. Kxg1 Kd6 40. Kf2 Kc5 41. Kg3 Bc4 42. Bc2 Bb5 43. Bb3 Bd3 44. Bxf7
Bxe4 45. Kf2 Bd5 46. Bxd5 Kxd5 47. Ke3 Kc4 48. Ke4 Kxc3 49. Kxe5
{Game drawn because neither player has mating material}
1/2-1/2

[Event "ICC tourney 2022 (75 10)"]
[Site "Internet Chess Club"]
[Date "2020.09.27"]
[Round "4"]
[White "canary2016"]
[Black "tigertiger2019"]
[Result "0-1"]
[ICCResult "White resigns"]
[WhiteElo "1981"]
[BlackElo "1714"]
[Opening "Queen's pawn: London system"]
[ECO "A45"]
[NIC "QP.07"]
[Time "13:02:26"]
[TimeControl "4500+10"]

1. d4 Nf6 2. Bf4 g6 3. Nc3 d5 4. e3 Bg7 5. h4 O-O 6. h5 Nxh5 7. Rxh5 gxh5 8.
Qxh5 c6 9. Bd3 f5 10. g4 Qe8 11. Qh2 Na6 12. a3 e5 13. dxe5 Nc5 14. Bxf5
Bxf5 15. gxf5 Rxf5 16. O-O-O Rh5 17. Qg2 Qg6 18. Qf3 Rf8 19. Nge2 Kh8 20.
Rg1 Qe8 21. Qg4 Qg6 22. Qf3 Qf7 23. Qg3 Bh6 24. Qg4 Rg8 25. Qxg8+ Qxg8 26.
Rxg8+ Kxg8 27. Bg3 Ne6 28. f4 Ng7 29. Nd4 Kf7 30. Kd2 Nf5 31. Nce2 c5 32.
Nb5 a6 33. Nbc3 d4 34. exd4 cxd4 35. Ne4 Nxg3 36. N4xg3 Rxe5 37. Kd3 Re3+
38. Kxd4 Bxf4 39. Nxf4 Rxg3 40. c4 Rg4 41. Ke5 Rg5+ 42. Ke4 h5 43. b4 h4 44.
a4 Ke7 45. c5 Kd7 46. Kd4 Rg4 47. Ke3 Rg3+ 48. Kf2 Rb3 49. Nd5 h3 50. Kg1
Rb2 51. Kh1 Ke6 52. Nc7+ Kf5 53. b5 axb5 54. axb5 Kg4 55. Nd5 Kg3 56. Nc3
Rc2 57. Ne4+ Kf4 58. Nd6 Rxc5 59. Nxb7 Rxb5 60. Nd6 Rb2 61. Nc4 Rc2 62. Nd6
h2 63. Ne4 Rc1+ 64. Kxh2 Kxe4 65. Kg3 Rc2 66. Kg4 Rg2+ 67. Kh3 Rg8 68. Kh4
Kf5 69. Kh3 Kf4 70. Kh2 Kf3 71. Kh1 Kf2 {White resigns} 0-1

[Event "ICC tourney 2022 (75 10)"]
[Site "Internet Chess Club"]
[Date "2020.09.27"]
[Round "5"]
[White "wahoo"]
[Black "clair"]
[Result "1-0"]
[ICCResult "Black checkmated"]
[WhiteElo "1790"]
[BlackElo "1709"]
[Opening "Robatsch (modern) defense"]
[ECO "B06"]
[NIC "KF.05"]
[Time "16:33:36"]
[TimeControl "4500+10"]

1. e4 g6 2. d4 Bg7 3. Nf3 e6 4. Nc3 Ne7 5. Bc4 d5 6. exd5 exd5 7. Be2 c6 8.
O-O O-O 9. Bg5 h6 10. Bf4 Nf5 11. Be5 Qb6 12. Bxg7 Kxg7 13. a3 Qxb2 14. Na4
Qxa1 15. Qxa1 Nd7 16. Nc5 Nf6 17. h3 Kg8 18. Rb1 b6 19. Nd3 Re8 20. Re1 Ba6
21. Nfe5 Rac8 22. Bg4 Nxg4 23. hxg4 Nd6 24. Nb4 Bb7 25. f3 f6 26. Nxg6 Kf7
27. Nh4 Nc4 28. Nf5 Rxe1+ 29. Qxe1 Re8 30. Nxh6+ Kf8 31. Qh4 Kg7 32. Nf5+
Kg6 33. Qh5# {Black checkmated} 1-0

[Event "ICC tourney 2022 (75 10)"]
[Site "Internet Chess Club"]
[Date "2020.09.27"]
[Round "5"]
[White "Vish1080"]
[Black "chessmaster0981"]
[Result "1-0"]
[ICCResult "Black checkmated"]
[WhiteElo "1738"]
[BlackElo "1617"]
[Opening "English: Wimpey system"]
[ECO "A13"]
[NIC "QP.09"]
[Time "16:33:33"]
[TimeControl "4500+10"]

1. Nf3 d5 2. c4 e6 3. e3 Nf6 4. b3 c5 5. Bb2 Be7 6. Be2 Nc6 7. d4 cxd4 8.
exd4 Bb4+ 9. Bc3 Bxc3+ 10. Nxc3 Qa5 11. Qd2 Bd7 12. O-O O-O 13. a3 dxc4 14.
Bxc4 Rad8 15. b4 Qc7 16. Nb5 Qb8 17. Qe3 a6 18. Nc3 b5 19. Bb3 Bc8 20. Rad1
Ng4 21. Qg5 Nf6 22. d5 h6 23. Qh4 exd5 24. Nxd5 Nxd5 25. Bxd5 Ne5 26. Nxe5
Qxe5 27. Bxf7+ Kxf7 28. Rxd8 Rxd8 29. Qxd8 Bg4 30. Qd3 Be2 31. Re1 Qxh2+ 32.
Kxh2 Bxd3 33. Rd1 Bf5 34. Rd6 Bc8 35. Rc6 Bd7 36. Rxa6 Ke7 37. Ra7 Kd6 38.
Kg3 g5 39. Rxd7+ Kxd7 40. Kg4 Ke6 41. Kh5 Kf6 42. Kxh6 Kf5 43. Kh5 Kf4 44.
g3+ Kf5 45. f3 Kf6 46. g4 Ke5 47. Kxg5 Kd4 48. Kf6 Kc3 49. g5 Kb3 50. g6
Kxa3 51. g7 Kxb4 52. g8=Q Ka3 53. Qd5 b4 54. Qa5+ Kb3 55. Ke5 Kb2 56. Qxb4+
Kc2 57. f4 Kd3 58. f5 Ke3 59. f6 Kd3 60. f7 Ke3 61. f8=Q Kd3 62. Qf3+ Kc2
63. Qbb3+ Kd2 64. Qbc3# {Black checkmated} 1-0

[Event "ICC tourney 2022 (75 10)"]
[Site "Internet Chess Club"]
[Date "2020.09.27"]
[Round "5"]
[White "sujashankar"]
[Black "TacoCat5"]
[Result "0-1"]
[ICCResult "White checkmated"]
[WhiteElo "1747"]
[BlackElo "1938"]
[Opening "Petrov's defense"]
[ECO "C42"]
[NIC "RG.03"]
[Time "16:33:47"]
[TimeControl "4500+10"]

1. e4 e5 2. Nf3 Nf6 3. Nxe5 Nc6 4. Nxc6 dxc6 5. Nc3 Bc5 6. Bc4 Ng4 7. Qf3
Ne5 8. Qe2 Bg4 9. f3 Qh4+ 10. g3 Nxf3+ 11. Kd1 Qh5 12. h3 Ne5 13. hxg4 Qxh1+
14. Qf1 Qxf1+ 15. Bxf1 Nxg4 16. Bc4 Rd8 17. d3 Ne3+ 18. Bxe3 Bxe3 19. Ke2
Bd4 20. Rf1 f6 21. g4 Bxc3 22. bxc3 Ke7 23. g5 Rhf8 24. gxf6+ Rxf6 25. Rh1
h6 26. Rg1 g5 27. Ke3 c5 28. d4 cxd4+ 29. cxd4 Rdf8 30. Be2 Rf4 31. Rh1 R8f6
32. e5 Rc6 33. Bd3 Rh4 34. Rxh4 gxh4 35. Kf3 Rc3 36. Kg4 c6 37. Kxh4 Ke6 38.
Kh5 c5 39. dxc5 Rxc5 40. Kxh6 Rxe5 41. Bc4+ Kd6 42. Bb3 b5 43. Kg6 a5 44.
Kf6 a4 45. Bf7 Re2 46. Bg6 Re6+ 47. Kf5 Re5+ 48. Kf4 Re2 49. Bd3 Re7 50.
Bxb5 a3 51. Bd3 Kc5 52. c3 Re1 53. Bc2 Kc4 54. Bb3+ Kxc3 55. Kf3 Kb2 56. Kf2
Ra1 57. Ke3 Rxa2 58. Bd5 Ra1 59. Kd2 Rc1 60. Be6 Rc2+ 61. Kd1 Rc6 62. Bf7 a2
63. Bxa2 Kxa2 64. Kd2 Rc4 65. Kd3 Kb3 66. Kd2 Rc3 67. Ke2 Kc4 68. Kd2 Kd4
69. Ke2 Ra3 70. Kf2 Ke4 71. Kg2 Kf4 72. Kh2 Kg4 73. Kg2 Ra2+ 74. Kf1 Kf3 75.
Kg1 Rb2 76. Kh1 Kg3 77. Kg1 Rb1# {White checkmated} 0-1

[Event "ICC tourney 2022 (75 10)"]
[Site "Internet Chess Club"]
[Date "2020.09.27"]
[Round "5"]
[White "Singireddy"]
[Black "imranchamp"]
[Result "1-0"]
[ICCResult "Black checkmated"]
[WhiteElo "1874"]
[BlackElo "1806"]
[Opening "Sicilian: Alapin's variation (2.c3)"]
[ECO "B22"]
[NIC "SI.46"]
[Time "16:33:49"]
[TimeControl "4500+10"]

1. e4 c5 2. c3 d5 3. exd5 Qxd5 4. d4 cxd4 5. cxd4 Nc6 6. Nf3 e6 7. Nc3 Qd6
8. g3 a6 9. Bg2 Nf6 10. Bf4 Qd8 11. O-O Be7 12. Rc1 O-O 13. Ne5 Nxd4 14. Qa4
Nf5 15. Rfd1 Qb6 16. g4 Nd6 17. Be3 Qd8 18. Bc5 Qc7 19. Bxd6 Bxd6 20. Ne4
Qxc1 21. Nxf6+ gxf6 22. Rxc1 Bxe5 23. Qb4 Rb8 24. f4 a5 25. Qd2 Bxf4 26.
Qxf4 e5 27. Qxf6 Bxg4 28. Qg5+ Kh8 29. Qxg4 Rg8 30. Qf3 Rxg2+ 31. Kxg2 Rg8+
32. Kf2 e4 33. Qf6+ Rg7 34. Rc8# {Black checkmated} 1-0

[Event "ICC tourney 2022 (75 10)"]
[Site "Internet Chess Club"]
[Date "2020.09.27"]
[Round "5"]
[White "gmcarebear999"]
[Black "Tombstone"]
[Result "1/2-1/2"]
[ICCResult "Game drawn by mutual agreement"]
[WhiteElo "1749"]
[BlackElo "2013"]
[Opening "QGD semi-Slav"]
[ECO "D43"]
[NIC "SL.03"]
[Time "16:33:38"]
[TimeControl "4500+10"]

1. d4 d5 2. c4 c6 3. Nf3 Nf6 4. Nc3 e6 5. cxd5 exd5 6. Bg5 Bf5 7. e3 Nbd7 8.
Bd3 Bxd3 9. Qxd3 Bb4 10. O-O O-O 11. Ne5 Qa5 12. Nxd7 Nxd7 13. a3 Bxc3 14.
Qxc3 Qxc3 15. bxc3 Nb6 16. Rfb1 f6 17. Bf4 Rf7 18. a4 Nc4 19. g4 b6 20. Kg2
a6 21. Ra2 Re8 22. h4 h6 23. g5 hxg5 24. hxg5 f5 25. Rh1 g6
{Game drawn by mutual agreement}
1/2-1/2

[Event "ICC tourney 2022 (75 10)"]
[Site "Internet Chess Club"]
[Date "2020.09.27"]
[Round "5"]
[White "kapilank"]
[Black "HarleyQueen8"]
[Result "1/2-1/2"]
[ICCResult "Game drawn by mutual agreement"]
[WhiteElo "1899"]
[BlackElo "1728"]
[Opening "Sicilian"]
[ECO "B56"]
[NIC "SI.25"]
[Time "16:33:25"]
[TimeControl "4500+10"]

1. e4 c5 2. Nf3 d6 3. d4 cxd4 4. Nxd4 Nf6 5. Nc3 Nc6 6. Nb3 e6 7. Be2 Be7 8.
O-O O-O 9. Be3 a6 10. f3 Bd7 11. Qe1 Qc7 12. a3 Ne5 13. Qf2 Nc4 14. Bxc4
Qxc4 15. Rad1 b5 16. Qe2 Qxe2 17. Nxe2 Rfc8 18. c3 Rcb8 19. Bf4 Rb6 20. Be3
Rbb8 21. Bf4 {Game drawn by mutual agreement} 1/2-1/2

[Event "ICC tourney 2022 (75 10)"]
[Site "Internet Chess Club"]
[Date "2020.09.27"]
[Round "5"]
[White "mexicoreal"]
[Black "AHSRULES"]
[Result "0-1"]
[ICCResult "White resigns"]
[WhiteElo "1937"]
[BlackElo "1840"]
[Opening "Sicilian: Najdorf"]
[ECO "B90"]
[NIC "SI.14"]
[Time "16:33:23"]
[TimeControl "4500+10"]

1. e4 c5 2. Nf3 d6 3. d4 cxd4 4. Nxd4 Nf6 5. Nc3 a6 6. a4 e5 7. Nb3 Be6 8.
Be2 Nbd7 9. Be3 Be7 10. f3 O-O 11. O-O Qc7 12. a5 Qc6 13. g4 Rac8 14. Rc1 h6
15. h4 d5 16. g5 hxg5 17. hxg5 d4 18. gxf6 Bxf6 19. Nxd4 exd4 20. Bxd4 Qd6
21. Bxf6 Qg3+ 22. Kh1 Nxf6 23. Qe1 Qh3+ 24. Kg1 Rc5 25. f4 Ng4 26. Bxg4
Qxg4+ 27. Kf2 Qxf4+ 28. Ke2 Bc4+ {White resigns} 0-1

[Event "ICC tourney 2022 (75 10)"]
[Site "Internet Chess Club"]
[Date "2020.09.27"]
[Round "5"]
[White "incredibleking"]
[Black "PearsonH"]
[Result "1-0"]
[ICCResult "Black resigns"]
[WhiteElo "1665"]
[BlackElo "1760"]
[Opening "QGD: classical variation (5.Bf4)"]
[ECO "D37"]
[NIC "QO.17"]
[Time "16:33:32"]
[TimeControl "4500+10"]

1. d4 e6 2. Nf3 d5 3. c4 Nf6 4. Nc3 Be7 5. Bf4 a6 6. e3 O-O 7. Bd3 dxc4 8.
Bxc4 b5 9. Bd3 Bb7 10. O-O c5 11. dxc5 Bxc5 12. Rc1 Nbd7 13. Qe2 Qe7 14.
Rfd1 e5 15. Bg5 e4 16. Nxe4 Bxe4 17. Bxe4 Qxe4 18. Bxf6 Nxf6 19. Rxc5 Rac8
20. Rxc8 Rxc8 21. Nd4 h6 22. Qf3 Qxf3 23. gxf3 g6 24. Kg2 Kf8 25. Kg3 Ke7
26. f4 Rc5 27. Kf3 Rh5 28. Nc6+ Ke6 29. Nd8+ Ke7 30. Nc6+ Ke6 31. Rd8 Rxh2
32. Nd4+ Ke7 33. Ra8 Rh1 34. Rxa6 Rb1 35. Ra7+ Nd7 36. b4 h5 37. a4 bxa4 38.
Rxa4 Rg1 39. b5 h4 40. Ra8 Nf6 41. Rh8 Nh5 42. Nf5+ gxf5 43. Rxh5 Kf6 44.
Rxh4 Rb1 45. Rh6+ Ke7 46. b6 Rb4 47. Rc6 f6 48. Ke2 Rb2+ 49. Ke1 Rb1+ 50.
Kd2 Rb2+ 51. Kc3 Rb5 52. Kc4 Rb1 53. Kc5 Rc1+ 54. Kd5 Rd1+ 55. Kc5 Rc1+ 56.
Kb5 Ra1 57. b7 Rb1+ 58. Ka6 Ra1+ 59. Kb6 Rb1+ 60. Kc7 {Black resigns} 1-0

[Event "ICC tourney 2022 (75 10)"]
[Site "Internet Chess Club"]
[Date "2020.09.27"]
[Round "5"]
[White "Mrpeetapizza"]
[Black "KittiesRock18"]
[Result "1/2-1/2"]
[ICCResult "Game drawn by mutual agreement"]
[WhiteElo "1823"]
[BlackElo "1371"]
[Opening "Sicilian: Sozin, Leonhardt variation"]
[ECO "B88"]
[NIC "SI.26"]
[Time "16:33:27"]
[TimeControl "4500+10"]

1. e4 c5 2. Nf3 d6 3. d4 cxd4 4. Nxd4 Nf6 5. Nc3 Nc6 6. Bc4 e6 7. O-O a6 8.
Bb3 Bd7 9. a3 Be7 10. Be3 O-O 11. Kh1 Nxd4 12. Bxd4 e5 13. Be3 Ng4 14. Bd2
Nf6 15. f4 exf4 16. Bxf4 Be6 17. Qd2 Bxb3 18. cxb3 Qd7 19. Rad1 Qe6 20. Qc2
Rac8 21. Rfe1 Nh5 22. Be3 Bf6 23. Rd5 Be5 24. Qe2 Bxc3 25. bxc3 Nf6 26. Rd4
Rxc3 27. Qd2 Rxb3 28. Rxd6 Nxe4 29. Rxe6 Nxd2 30. Re7
{Game drawn by mutual agreement}
1/2-1/2

[Event "ICC tourney 2022 (75 10)"]
[Site "Internet Chess Club"]
[Date "2020.09.27"]
[Round "5"]
[White "rachael1120"]
[Black "Hydracyclops"]
[Result "1-0"]
[ICCResult "Black resigns"]
[WhiteElo "1644"]
[BlackElo "1649"]
[Opening "Sicilian: accelerated fianchetto, modern variation with Bc4"]
[ECO "B35"]
[NIC "SI.43"]
[Time "16:33:24"]
[TimeControl "4500+10"]

1. e4 c5 2. Nf3 g6 3. d4 cxd4 4. Nxd4 Bg7 5. Nc3 Nc6 6. Be3 Nf6 7. Bc4 O-O
8. Bb3 d6 9. f3 Bd7 10. Qd2 Rc8 11. O-O-O Ne5 12. h4 h5 13. Bh6 Nc4 14. Bxc4
Rxc4 15. Bxg7 Kxg7 16. Qg5 a6 17. e5 Nh7 18. Qe3 dxe5 19. Qxe5+ Nf6 20. g4
hxg4 21. fxg4 Qc7 22. Qxc7 Rxc7 23. g5 Ng4 24. Rhe1 e6 25. Nf3 Bc6 26. Ne5
Nxe5 27. Rxe5 Rcc8 28. Re3 Rfd8 29. Red3 Rxd3 30. Rxd3 Rc7 31. Kd2 Rd7 32.
Ne2 Rxd3+ 33. Kxd3 Bb5+ 34. c4 Bc6 35. Nf4 b6 36. Kd4 a5 37. Ke5 Kf8 38. Kd6
Be4 39. a3 Bf3 40. b4 axb4 41. axb4 Be4 42. Kc7 e5 43. Nd5 Bd3 44. c5 bxc5
45. bxc5 Bc4 46. Ne3 Bb5 47. c6 Kg7 48. Kd6 Bxc6 49. Kxc6 f6 50. Kd5 Kf7 51.
Ng4 e4 52. Nh6+ Kg7 53. Kxe4 fxg5 54. hxg5 Kh7 55. Ke5 Kg7 56. Ke6 Kh7 57.
Kf7 Kh8 58. Ng4 Kh7 59. Ne5 Kh8 60. Kxg6 Kg8 61. Nf7 Kf8 62. Kh7 Kxf7 63.
g6+ Kf6 64. g7 Kf5 65. g8=Q Ke5 66. Qf7 Ke4 67. Qf6 Kd5 68. Kg7 Ke4 69. Qg5
Kd4 70. Qf5 Ke3 71. Qg4 Kd3 72. Kf6 Ke3 73. Ke5 Kd3 74. Qe4+ Kc3 75. Qd4+
Kb3 76. Kd5 Ka3 77. Qc4 Kb2 78. Qd3 Ka1 79. Qd2 Kb1 80. Kc4 {Black resigns}
1-0

[Event "ICC tourney 2022 (75 10)"]
[Site "Internet Chess Club"]
[Date "2020.09.27"]
[Round "5"]
[White "kaleblancman"]
[Black "JunlinTheWorld"]
[Result "1-0"]
[ICCResult "Black checkmated"]
[WhiteElo "1754"]
[BlackElo "1711"]
[Opening "Queen's pawn: London system"]
[ECO "A45"]
[NIC "QP.07"]
[Time "16:33:28"]
[TimeControl "4500+10"]

1. d4 Nf6 2. Bf4 d5 3. e3 e6 4. Nf3 Be7 5. Bd3 b6 6. Nbd2 Bb7 7. c3 Nbd7 8.
Qe2 c5 9. Rd1 c4 10. Bc2 b5 11. O-O O-O 12. Rfe1 a5 13. Ne5 b4 14. e4 Re8
15. Ba4 Qc8 16. exd5 exd5 17. Ndf3 Bf8 18. Ng5 Re7 19. Ngxf7 Rxf7 20. Nxf7
Kxf7 21. Qe6+ Kg6 22. Re3 Nb8 23. Bc2+ Kh5 24. Rh3# {Black checkmated} 1-0